 Dungeon Sprint DCSS version 0.22-a0-32-ga749362 (webtiles) character file.

151 Kidiri the Thaumaturge (level 5, -2/28 HPs)
             Began as a Deep Elf Fire Elementalist on Jan 3, 2018.
             Slain by a sun demon (15 damage)
             ... summoned by a kobold demonologist
             ... in the Dungeon (Sprint III: "The Ten Rune Challenge").
             The game lasted 00:01:57 (288 turns).

Kidiri the Thaumaturge (Deep Elf Fire Elementalist)  Turns: 288, Time: 00:01:58

Health: -2/28      AC:  2    Str:  5    XL:     5   Next: 11%
Magic:  14/19      EV: 13    Int: 23    God:
Gold:   19         SH:  0    Dex: 13    Spells: 10/23 levels left

rFire    . . .     SeeInvis .   k - +0 dagger
rCold    + . .     Gourm    .   (no shield)
rNeg     . . .     Faith    .   a - +0 robe
rPois    .         Spirit   .   (no helmet)
rElec    .         Reflect  .   (no cloak)
rCorr    .         Harm     .   (no gloves)
MR       .....     NoTele   +   (no boots)
Stlth    ++........             (no amulet)
HPRegen  0.09/turn              (no ring)
MPRegen  0.16/turn              (no ring)

@: no status effects
A: clever 1, clumsy 1, cold resistance 1
a: no special abilities


You were in the Dungeon.
You were not hungry.

You visited 1 branch You collected 19 gold pieces.

Inventory:

Hand Weapons
 k - a +0 dagger (weapon)
Armour
 a - a +0 robe (worn)
Scrolls
 i - a scroll of blinking
 m - a scroll of holy word
 o - 3 scrolls of remove curse
 q - a scroll of immolation
Potions
 d - 2 potions of curing
 e - 2 potions of heal wounds
 f - a potion of haste
 g - 2 potions of magic
 h - a potion of berserk rage
 p - a potion of flight
Books
 b - a book of Flames

   Spells                             Type                      Level
   a - Flame Tongue                   Conjuration/Fire             1
   b - Throw Flame                    Conjuration/Fire             2
   c - Conjure Flame                  Conjuration/Fire             3
   d - Inner Flame                    Hexes/Fire                   3
   e - Sticky Flame                   Conjuration/Fire             4
   f - Fireball                       Conjuration/Fire             5
Comestibles
 c - 4 rations
 j - a chunk of flesh


   Skills:
 - Level 2.4 Dodging
 - Level 2.4 Stealth
 * Level 9.9 Spellcasting
 + Level 5.6 Conjurations
 + Level 6.5 Fire Magic


You had 10 spell levels left.
You knew the following spells:

 Your Spells              Type           Power        Failure   Level  Hunger
a - Flame Tongue          Conj/Fire      #####        1%          1    None
b - Throw Flame           Conj/Fire      #####.       1%          2    None
c - Conjure Flame         Conj/Fire      #####...     1%          3    None
d - Inner Flame           Hex/Fire       ####....     4%          3    None
e - Sticky Flame          Conj/Fire      #####...     4%          4    ##.....


Dungeon Overview and Level Annotations

Branches:
Dungeon (1/1)

Altars:
Kikubaaqudgha
Sif Muna
Vehumet


Innate Abilities, Weirdness & Mutations

Your mind is acute. (Int +2)
You are clumsy. (Dex -2)
Your flesh is cold resistant. (rC+)


Message History

The sticky flame hits the wizard.
The wizard is moderately wounded.
The wizard shouts!
The wizard is covered in liquid flames!
The wizard burns!
The wizard closely misses you.
The kobold demonologist gestures wildly while chanting.
Unknown command.
The wizard burns!
The kobold demonologist casts a spell.
The wizard closely misses you. The shadow imp barely misses you.
Unknown command.
The wizard burns!
You kill the wizard!
You have reached level 5!
The kobold demonologist completely misses you.
The sun demon hits you!
Ouch! That really hurt!
You are engulfed in flames!
Ouch! That really hurt!
You die...

..#....≈♣♣♣♣..###+#+###+
..#...≈≈....♣.#.........
..#..≈≈≈≈.♣♣♣.'.⌠.......
#'#..≈≈≈≈≈≈♣♣.#...######
.[#.≈≈≈≈≈≈....#.⌠.#
..#.≈≈≈≈≈.....#...#
..#.≈≈≈.......#'###
###...........#.)K#
..............#5@3#
▓▓▓▓▓▓▓▓▓▓▓▓▓▓▓▓▓▓▓


You could see a sun demon, a kobold demonologist and a shadow imp.

Vanquished Creatures
  A water elemental (D)
  A wizard (D)
  Jessica (D)
  A human (D)
  A wolf (D)
  3 rats (D)
8 creatures vanquished.

Vanquished Creatures (others)
  2 draconian scorchers (D)
  5 hellions (D)
  A yaktaur (D)
8 creatures vanquished.

Grand Total: 16 creatures vanquished

Notes
Turn   | Place    | Note
-------+----------+-------------------------------------------
     0 | D        | Kidiri the Deep Elf Fire Elementalist began the quest for the Orb.
     0 | D        | Reached XP level 1. HP: 10/10 MP: 6/6
    21 | D        | Noticed Jessica
    23 | D        | Killed Jessica
    23 | D        | Reached skill level 6 in Spellcasting
    23 | D        | Reached XP level 2. HP: 15/15 MP: 4/11
    32 | D        | Learned a level 2 spell: Throw Flame
    35 | D        | Killed a yaktaur
   106 | D        | Killed a hellion
   110 | D        | Reached XP level 3. HP: 16/19 MP: 7/13
   131 | D        | Killed a hellion
   134 | D        | Learned a level 3 spell: Conjure Flame
   138 | D        | Learned a level 3 spell: Inner Flame
   153 | D        | Gained mutation: You do not regenerate when monsters are visible. [potion of mutation]
   153 | D        | Gained mutation: You possess an exceptional clarity of mind. [potion of mutation]
   153 | D        | Gained mutation: You are resistant to hostile enchantments. (MR+) [potion of mutation]
   156 | D        | Lost mutation: You are resistant to hostile enchantments. (MR+) [potion of mutation]
   156 | D        | Lost mutation: You possess an exceptional clarity of mind. [potion of mutation]
   156 | D        | Lost mutation: You do not regenerate when monsters are visible. [potion of mutation]
   156 | D        | Gained mutation: You are weak. (Str -2) [potion of mutation]
   156 | D        | Gained mutation: You are partially covered in icy blue scales. (AC +2) [potion of mutation]
   156 | D        | Gained mutation: Your system is resistant to poisons. (rPois) [potion of mutation]
   157 | D        | Lost mutation: Your system is resistant to poisons. (rPois) [potion of mutation]
   157 | D        | Lost mutation: You are weak. (Str -2) [potion of mutation]
   157 | D        | Gained mutation: You have sharp fingernails. [potion of mutation]
   157 | D        | Gained mutation: You are resistant to hostile enchantments. (MR+) [potion of mutation]
   157 | D        | Gained mutation: You have a pair of small horns on your head. [potion of mutation]
   158 | D        | Lost mutation: You are resistant to hostile enchantments. (MR+) [potion of mutation]
   158 | D        | Lost mutation: You have sharp fingernails. [potion of mutation]
   158 | D        | Lost mutation: You have a pair of small horns on your head. [potion of mutation]
   158 | D        | Lost mutation: You are partially covered in icy blue scales. (AC +2) [potion of mutation]
   158 | D        | Gained mutation: You are clumsy. (Dex -2) [potion of mutation]
   158 | D        | Gained mutation: Your flesh is cold resistant. (rC+) [potion of mutation]
   158 | D        | Gained mutation: Your mind is acute. (Int +2) [potion of mutation]
   172 | D        | Reached skill level 7 in Spellcasting
   172 | D        | Reached skill level 5 in Fire Magic
   188 | D        | Killed a hellion
   188 | D        | Killed a hellion
   232 | D        | Killed a white draconian scorcher
   233 | D        | Noticed a water elemental
   235 | D        | Killed a water elemental
   235 | D        | Reached skill level 9 in Spellcasting
   235 | D        | Reached skill level 5 in Conjurations
   235 | D        | Reached XP level 4. HP: 24/24 MP: 10/17
   243 | D        | Killed a white draconian scorcher
   245 | D        | Killed a hellion
   284 | D        | Learned a level 4 spell: Sticky Flame
   284 | D        | Found a radiant altar of Vehumet.
   285 | D        | Found a deep blue altar of Sif Muna.
   285 | D        | Found an ancient bone altar of Kikubaaqudgha.
   285 | D        | Noticed a wizard
   288 | D        | Noticed a sun demon
   288 | D        | Killed a wizard
   288 | D        | Reached XP level 5. HP: 28/28 MP: 14/19
   288 | D        | Slain by a sun demon

Vault maps used:
D:        dungeon_sprint_mu

Skill      XL: |  1  2  3 |
---------------+----------+-----
Spellcasting   | 6 9 |  9.9
Conjurations   | 3 5 |  5.6
Fire Magic     | 4 6 |  6.5
Dodging        | |  2.4
Stealth        | |  2.4

Action                   |  1- 3 |  4- 6 || total
-------------------------+-------+-------++-------
 Cast: Flame Tongue      |    13 |     1 ||    14
       Throw Flame       |     3 |       ||     3
       Conjure Flame     |     1 |       ||     1
       Sticky Flame      |       |     1 ||     1
  Use: Potion            |     4 |       ||     4
       Scroll            |     3 |       ||     3
Dodge: Dodged            |     2 |     4 ||     6

Table legend:
 A = Spawn XP
 B = Non-spawn XP
 C = Spawn XP percentage of total XP
 D = Spawn monster count
 E = Non-spawn monster count
 F = Spawn count percentage of total count
 G = Total turns spent on level
                    A         B        C        D         E        F      G
               +---------+---------+-------+---------+---------+-------+---------
         Total |       0 |     217 |   0.0 |       0 |       8 |   0.0 |   288
               +---------+---------+-------+---------+---------+-------+---------
             D |       0 |     217 |   0.0 |       0 |       8 |   0.0 |   288
               +---------+---------+-------+---------+---------+-------+---------
